 Dungeon Crawl Stone Soup version 0.30.1-5-ged363bc7ee (webtiles) character file.

Game seed: 271332340871684844

49 Ivernyr the Ducker (level 3, -1/19 HPs)
             Began as a Spriggan Monk on Sept 19, 2023.
             Slain by Terence
             ... wielding a +2 short sword of protection
              (5 damage)
             ... on level 2 of the Dungeon.
             The game lasted 00:04:52 (1649 turns).

Ivernyr the Ducker (Spriggan Monk)                  Turns: 1649, Time: 00:04:53

Health: -1/19      AC:  2    Str:  7    XL:     3   Next: 51%
Magic:  4/4        EV: 19    Int: 11    God:
Gold:   108        SH:  0    Dex: 19    Spells: 2/2 levels left

rFire   . . .        a - +0 short sword
rCold   . . .        d - orb {light}
rNeg    . . .        b - +0 robe
rPois   .            (helmet restricted)
rElec   .            (no cloak)
rCorr   .            (gloves unavailable)
SInv    +            (boots unavailable)
Will    .....        (no amulet)
Stlth   +            (no ring)
HPRegen 0.23/turn    (no ring)
MPRegen 0.09/turn

%: no passive effects
@: glowing, very quick
A: very small, no large weapons, unfitting armour, see invisible, speed 3
a: no special abilities


You were on level 2 of the Dungeon.
You visited 1 branch of the dungeon, and saw 2 of its levels.

You collected 108 gold pieces.

Inventory:

Hand Weapons
 a - a +0 short sword (weapon)
Armour
 b - a +0 robe (worn)
 d - an orb of light (worn)
Scrolls
 g - a scroll of teleportation {unknown}
 i - a scroll of amnesia {unknown}
 j - 2 scrolls of identify {unknown}
 k - a scroll of enchant armour {unknown}
Potions
 c - a potion of ambrosia
 e - 3 potions of curing {unknown}
 f - a potion of haste
 h - a potion of attraction {unknown}
 l - a potion of lignification {unknown}


   Skills:
 + Level 2.8 Fighting
 * Level 4.3 Short Blades
 + Level 4.5 Dodging


You had 2 spell levels left.
You didn't know any spells.
Your spell library was empty.

Dungeon Overview and Level Annotations

Branches:
Dungeon (2/15)

Altars:

Annotations:
D:2 Terence


Innate Abilities, Weirdness & Mutations

You are very small and have problems with some larger weapons.
You are too small for most types of armour.
You have supernaturally acute eyesight. (SInv)
You cover ground extremely quickly. (Speed+++)


Message History

You hit the kobold but do no damage.
The kobold is heavily wounded.
You hit the kobold.
The kobold is severely wounded.
The kobold hits you with a +0 club.
You hit the kobold.
You kill the kobold!
Things that are here:
a +0 club; a kobold corpse Unknown command.
Things that are here:
a +0 club; a kobold corpse
There is an open door here.
There is an open door, spattered with blood here.
Things that are here:
a +0 club; a goblin skeleton Terence shouts!
Terence hits you with a +2 short sword of protection.
You hit Terence but do no damage. Terence misses you.
You hit Terence but do no damage. You hit Terence but do no damage.
Terence hits you with a +2 short sword of protection.
You hit Terence but do no damage. Terence completely misses you.
You hit Terence but do no damage. Terence barely misses you.
You hit Terence but do no damage. You hit Terence but do no damage.
Terence closely misses you.
You hit Terence but do no damage. Terence misses you.
You hit Terence but do no damage.
Terence hits you with a +2 short sword of protection!
You hit Terence but do no damage. Terence completely misses you.
You barely miss Terence. You hit Terence but do no damage.
Terence closely misses you.
You hit Terence but do no damage.
Terence hits you with a +2 short sword of protection.
* * * LOW HITPOINT WARNING * * *
You hit Terence but do no damage. Terence misses you.
You hit Terence.
Terence is lightly wounded.
Terence hits you with a +2 short sword of protection.
You die...

##'## #.......# #.####### ##...##
#..#.##.# #.# ##.....##
##.###.#.# #.#### #.......## #.##
##..# #.##.##
.........####..###.#.####.#...###
.........'......#................
.........####....###.####.#...###
#.......## #.........# #.##.##
##.....## #.###@#<### ##.####
##...## #.#.@.#(# #.#..# ##+##
#.#.###.# ##.#.# #.#. #.# ###.#
#.# #.# #.# ..# #.# ## ### #.# .#
#.##### ... #......


You could see Terence.

Vanquished Creatures
  An adder (D:2)
  3 bats (D:1)
  7 endoplasms
  4 goblins
  3 hobgoblins (D:2)
  3 jackals (D:2)
  A quokka (D:1)
  4 ball pythons
  2 frilled lizards
  5 kobolds
  3 rats
36 creatures vanquished.

Notes
Turn   | Place    | Note
-------+----------+-------------------------------------------
     0 | D:1      | Ivernyr the Spriggan Monk began the quest for the Orb.
     0 | D:1      | Reached XP level 1. HP: 11/11 MP: 2/2
    97 | D:1      | Found a faded altar of an unknown god.
    98 | D:1      | Noticed an eye of devastation
   100 | D:1      | Noticed a shining eye
   100 | D:1      | Noticed a floating eye
   100 | D:1      | Noticed a great orb of eyes
   265 | D:1      | Reached XP level 2. HP: 16/16 MP: 3/3
   799 | D:2      | Noticed Terence
  1058 | D:2      | Reached XP level 3. HP: 19/19 MP: 4/4
  1649 | D:2      | Slain by Terence

Illustrated notes

Levels and vault maps discovered:
D:1:      minmay_arrival_split_and_join, layout_loops_ring,
          hellmonk_ecumenical_altar_watching_god
D:2:      layout_loops_corners, minmay_liquid_box, uniq_terence,
          uniq_crazy_yiuf_cottage

Skill      XL: |  1  2 |
---------------+-------+-----
Short Blades   | 4 |  4.3
Fighting       | |  2.8
Dodging        | |  4.5

Action                     || total
---------------------------++-------
  Melee: Short sword       ||   137
 Armour: Robe              ||     5
  Dodge: Dodged            ||    81
